Map: Romanticide LE

Players

INnoVation

  • Race: Terran Terran
  • League: Grandmaster
  • Spawn Location: 11:00

AfreecaDRG (DRG) - Winner!

  • Race: Zerg Zerg
  • League: Grandmaster
  • Spawn Location: 5:00

Event: ASUS ROG Online 2020

VOD

Have the link to the VOD?

Description

Time

  • Played on: Nov. 28, 2020, 3:35 p.m.
  • Length: 16:28

All games in this series

Show
View Real Time Build Order
Export as new Build Order

INnoVation Terran 

Build Orders: Hellion Opening, Reaper Expand 

Get SALT Encoding   

  12  0:00  SCV  
  13  0:12  SCV  
  14  0:17  Supply Depot  
  14  0:24  SCV  
  15  0:38  SCV  
  15  0:40  Barracks  
  16  0:43  Refinery  
  16  0:50  SCV  
  17  1:03  SCV  
  18  1:15  SCV  
  19  1:27  Orbital Command, Reaper  
  20  1:38  Command Center  
  20  1:47  Supply Depot  
  20  1:52  SCV  
  21  1:58  Marine  
  22  2:04  SCV  
  23  2:11  Factory  
  23  2:16  SCV  
  23  2:20  Barracks Reactor  
  24  2:29  SCV  
  25  2:37  Command Center  
  25  2:41  SCV  
  26  2:50  Orbital Command  
  26  2:53  SCV  
  27  3:02  Barracks Tech Lab, Hellion x2  
  27  3:05  SCV  
  32  3:16  SCV  
  32  3:17  SCV  
  34  3:20  Stimpack  
  34  3:21  Marine  
  34  3:23  Hellion  
  34  3:24  Hellion  
  39  3:28  SCV  
  39  3:29  SCV  
  39  3:30  Refinery  
  41  3:38  Marine  
  41  3:40  SCV  
  43  3:41  SCV  
  43  3:45  Hellion  
  48  3:48  Orbital Command, Hellion  
  48  3:52  SCV  
  48  3:53  SCV  
  50  3:56  Marine  
  51  4:04  SCV  
  51  4:05  Supply Depot, SCV  
  53  4:14  Marine  
  53  4:15  SCV  
  53  4:16  SCV  
  56  4:17  SCV  
  56  4:18  Barracks  
  56  4:19  Factory Reactor  
  56  4:20  Barracks  
  57  4:27  SCV  
  57  4:28  SCV  
  57  4:29  Engineering Bay x2  
  57  4:30  Supply Depot, SCV  
  60  4:32  Marine  
  60  4:34  Refinery  
  60  4:36  Refinery  
  61  4:38  Orbital Command  
  61  4:40  SCV  
  61  4:42  SCV  
  63  4:50  Marine  
  64  4:53  SCV  
  64  4:54  Supply Depot, SCV  
  64  4:57  Terran Infantry Armor Level 1, Terran Infantry Weapons Level 1  
  64  4:58  Starport  
  66  5:01  Factory Reactor  
  66  5:04  SCV  
  66  5:05  Combat Shield, SCV  
  66  5:06  SCV, Marine x2  
  71  5:08  Marine  
  71  5:13  Marine x2  
  74  5:16  SCV  
  74  5:17  SCV  
  74  5:18  Supply Depot  
  76  5:23  Supply Depot  
  76  5:25  Marine x2  
  76  5:26  Marine  
  79  5:31  Marine x2  
  79  5:32  SCV x3  
  75  5:46  Factory Tech Lab, Marine x3  
  75  5:48  Marine  
  75  5:49  Marine  
  77  5:50  SCV x3  
  77  5:56  Armory  
  80  5:59  Barracks  
  80  6:00  Barracks  
  80  6:03  Medivac x2  
  84  6:05  SCV x2  
  84  6:06  SCV  
  84  6:11  Siege Tank  
  90  6:19  Supply Depot  
  90  6:20  Supply Depot, Marine x3  
  90  6:21  Marine x2  
  90  6:23  SCV x2  
  90  6:24  SCV  
  98  6:27  Supply Depot  
  98  6:34  Medivac  
  100  6:40  Medivac, SCV  
  100  6:41  SCV x2  
  100  6:43  Supply Depot, Siege Tank  
  100  6:44  Marine x3  
  100  6:45  Marine  
  100  6:46  Supply Depot  
  114  6:48  Barracks Reactor x2  
  114  6:52  Supply Depot  
  114  6:54  Terran Infantry Weapons Level 2  
  112  6:57  SCV x2  
  112  6:58  SCV  
  112  6:59  Supply Depot  
  115  7:03  Refinery  
  115  7:04  Terran Infantry Armor Level 2  
  115  7:05  Marine x4  
  115  7:06  Marine  
  120  7:10  Supply Depot  
  120  7:11  Supply Depot  
  120  7:13  Refinery  
  120  7:15  Siege Tank  
  123  7:19  SCV x3  
  126  7:23  Marine x5  
  126  7:28  Missile Turret  
  131  7:32  Command Center  
  131  7:34  Medivac  
  131  7:35  Medivac  
  135  7:39  Factory  
  135  7:40  Marine x4  
  135  7:41  Marine  
  140  7:47  Marine x4  
  140  7:51  Siege Tank  
  147  7:58  Marine x2  
  145  7:59  Terran Vehicle Weapons Level 1, SCV  
  145  8:00  SCV x2  
  145  8:01  Marine x2  
  145  8:05  Marine x2  
  135  8:15  Medivac x2, Marine  
  135  8:16  Marine x2  
  142  8:20  SCV  
  142  8:21  SCV x2  
  142  8:25  Factory Tech Lab  
  142  8:26  Siege Tank  
  148  8:32  Marine x5  
  153  8:39  SCV x3  
  156  8:43  Planetary Fortress  
  156  8:50  Medivac x2  
  156  8:51  Marine x5  
  156  8:52  Marine  
  166  9:03  Siege Tank x2  
  166  9:05  Marine x3  
  166  9:09  Marine x3  
  178  9:14  Marine  
  178  9:15  Marine x2  
  181  9:18  Supply Depot  
  181  9:20  Supply Depot  
  181  9:23  Marine x3  
  181  9:25  Terran Infantry Weapons Level 3  
  181  9:27  Marine x2  
  181  9:30  Marine  
  183  9:32  Marine  
  143  9:43  Marine x5, Terran Infantry Armor Level 3  
  143  9:44  Marine  
  143  9:45  Marine  
  142  9:48  Marine  
  142  9:50  Siege Tank x2, Marine  
  150  10:01  Marine x5  
  150  10:02  Medivac x2, Marine x2  
  159  10:12  Barracks, SCV  
  159  10:13  Barracks, SCV x3  
  159  10:14  Barracks  
  159  10:18  Marine x2  
  159  10:19  Marine x5  
  164  10:25  Siege Tank x2  
  163  10:28  Marine  
  163  10:29  Marine  
  164  10:36  Marine x2  
  164  10:37  Medivac, Orbital Command, Marine x3  
  164  10:39  Marine x2  
  164  10:41  Medivac  
  172  10:46  Marine x2  
  160  10:54  Marine x3  
  160  10:55  Marine x2  
  164  10:58  SCV  
  164  11:00  SCV  
  164  11:02  Siege Tank, Marine  
  164  11:05  SCV  
  164  11:08  SCV  
  164  11:11  Siege Tank, SCV  
  162  11:12  SCV  
  162  11:17  SCV, Marine x4  
  146  11:18  Marine  
  146  11:19  Marine x6  
  146  11:20  SCV, Marine  
  146  11:25  Medivac x2, Supply Depot  
  137  11:26  Supply Depot  
  137  11:27  SCV x2  
  137  11:28  Supply Depot  
  137  11:29  SCV  
  137  11:32  Supply Depot, SCV  
  141  11:33  Supply Depot  
  141  11:34  Supply Depot, Sensor Tower, Siege Tank  
  141  11:35  Marine x4  
  148  11:46  Marine x8  
  156  11:53  Marine x4  
  160  11:57  Siege Tank  
  163  12:04  Marine x5  
  169  12:09  Concussive Shells  
  169  12:10  Marine  
  169  12:11  Marine x3  
  169  12:12  Barracks Tech Lab x2  
  169  12:13  Barracks Tech Lab  
  169  12:15  Command Center  
  170  12:17  Siege Tank  
  170  12:22  Marine x5  
  178  12:28  Marine x2  
  183  12:30  Siege Tank, Viking x2  
  183  12:36  Marauder x3  
  186  12:40  Supply Depot  
  186  12:42  Marauder, Marine  
  188  12:49  Supply Depot x2  
  188  13:01  Marauder x2, Siege Tank, Marine  
  196  13:10  Siege Tank  
  199  13:13  Marine  
  200  13:28  Marauder  
  200  13:30  Marauder  
  200  13:37  Viking  
  200  13:38  Viking  
  200  13:40  Neosteel Armor, Terran Vehicle Weapons Level 2  
  200  13:41  Hi-Sec Auto Tracking  
  200  13:47  Command Center  
  200  13:49  Planetary Fortress  
  200  13:51  Command Center  
  191  14:01  Marauder, Siege Tank x2, Marine  
  191  14:02  Marauder x2  
  148  14:03  Marine x5  
  148  14:04  Marine  
  148  14:07  Medivac  
  135  14:12  SCV  
  135  14:13  SCV x3  
  136  14:19  Marine x3  
  136  14:21  Marine x4  
  143  14:25  Medivac, SCV x4  
  143  14:29  SCV  
  150  14:33  Siege Tank  
  150  14:37  Medivac, SCV x4  
  159  14:41  Marauder x4, Marine  
  168  14:49  Siege Tank  
  168  14:52  Marine x4  
  173  14:55  Medivac  
  166  15:02  Marauder x3  
  154  15:07  Marauder, Marine x4  
  154  15:09  Marine  
  154  15:10  Marine x2  
  159  15:17  Marine  
  149  15:23  Marauder x2, Marine  
  149  15:25  Marine x4  
  149  15:27  Marine x3  
  149  15:28  Marine  
  144  15:34  Marine  
  144  15:41  Marine  
  138  15:42  Marine  
  138  15:43  Marine x3  
  138  15:44  Marine x2  
  143  15:52  Siege Tank  
  143  16:08  Marine x2  
  143  16:09  Marine x5  
Show
View Real Time Build Order
Export as new Build Order

AfreecaDRG Zerg - Winner!

Build Orders: Hatch First 

Get SALT Encoding   

  12  0:00  Drone  
  13  0:12  Overlord  
  13  0:17  Drone  
  14  0:30  Drone x2  
  16  0:48  Hatchery  
  15  0:50  Drone  
  15  0:54  Drone  
  17  0:57  Drone  
  18  1:08  Extractor  
  17  1:12  Spawning Pool  
  17  1:16  Drone  
  17  1:19  Drone  
  18  1:28  Drone  
  19  1:39  Drone  
  20  1:49  Drone  
  21  1:59  Queen x2  
  21  2:00  Zergling x4  
  27  2:10  Overlord  
  27  2:11  Drone  
  28  2:19  Hatchery  
  28  2:22  Drone  
  28  2:29  Drone  
  29  2:34  Drone  
  29  2:36  Drone  
  31  2:38  Queen  
  31  2:43  Overlord  
  33  2:45  Drone  
  33  2:49  Metabolic Boost  
  34  2:54  Drone x2  
  36  3:04  Overlord  
  36  3:05  Drone  
  37  3:08  Drone x2  
  37  3:09  Drone  
  40  3:14  Queen  
  40  3:16  Drone  
  40  3:18  Drone  
  44  3:27  Drone  
  44  3:28  Drone  
  44  3:30  Queen  
  44  3:33  Drone  
  49  3:38  Drone x2  
  51  3:41  Overlord  
  51  3:43  Drone x2  
  51  3:45  Drone  
  51  3:46  Drone  
  51  3:47  Drone  
  56  3:49  Drone  
  56  3:52  Overlord  
  56  3:53  Zergling x2  
  58  3:56  Overlord  
  58  4:00  Zergling x2  
  58  4:01  Zergling x2  
  60  4:02  Queen  
  60  4:05  Zergling x2  
  63  4:12  Drone x2  
  63  4:15  Overlord  
  65  4:18  Overlord  
  65  4:20  Zergling x4  
  65  4:22  Queen  
  70  4:24  Drone x3  
  70  4:26  Overlord  
  72  4:31  Evolution Chamber  
  72  4:32  Extractor, Drone x2, Evolution Chamber  
  72  4:36  Drone  
  72  4:37  Drone  
  73  4:39  Drone  
  73  4:40  Drone  
  73  4:42  Drone x2  
  77  4:45  Drone  
  77  4:48  Drone x5  
  83  4:57  Zerg Melee Weapons Level 1  
  83  4:58  Zerg Ground Armor Level 1  
  83  4:59  Drone  
  84  5:00  Drone x2  
  84  5:04  Extractor x2  
  84  5:07  Zergling x2  
  84  5:09  Queen x3  
  91  5:14  Spine Crawler  
  91  5:17  Zergling x2  
  91  5:18  Zergling x8  
  95  5:21  Zergling x6  
  95  5:23  Overlord  
  95  5:27  Overlord  
  98  5:30  Overlord  
  98  5:34  Overlord  
  97  5:39  Overlord  
  96  5:44  Zergling x4  
  96  5:47  Lair  
  96  5:48  Drone x5  
  101  5:51  Baneling Nest  
  101  5:52  Drone  
  101  5:56  Drone  
  99  5:58  Drone x2  
  99  6:00  Hatchery  
  99  6:01  Zergling x2, Extractor  
  100  6:08  Zergling x4  
  102  6:12  Zergling x2  
  102  6:17  Zergling x6  
  102  6:18  Zergling x2  
  107  6:22  Zergling x14  
  114  6:26  Spore Crawler  
  114  6:27  Overlord  
  113  6:33  Zergling x4  
  113  6:37  Baneling x8  
  113  6:39  Zergling x2  
  116  6:42  Overlord  
  116  6:44  Zergling x2  
  117  6:50  Zergling x8  
  117  6:51  Zergling x6  
  124  6:54  Drone x2  
  124  6:59  Zergling x2  
  127  7:04  Drone  
  127  7:06  Zerg Melee Weapons Level 2  
  127  7:07  Zerg Ground Armor Level 2  
  127  7:08  Centrifical Hooks  
  128  7:12  Drone x6  
  132  7:17  Zergling x2  
  132  7:19  Overlord  
  132  7:21  Baneling  
  132  7:22  Baneling x6  
  133  7:25  Hydralisk Den  
  133  7:28  Zergling x6  
  135  7:33  Zergling x2  
  136  7:37  Zergling x16  
  136  7:42  Overlord  
  136  7:43  Zergling x6  
  147  7:47  Overlord x2, Baneling x10  
  147  7:48  Overlord  
  147  7:49  Zergling x4  
  149  7:51  Hatchery  
  145  8:00  Zergling x8  
  140  8:06  Zergling x16  
  140  8:07  Baneling  
  140  8:08  Baneling x7  
  140  8:09  Zergling x6  
  139  8:13  Grooved Spines  
  139  8:14  Zergling x10  
  139  8:19  Baneling x8  
  144  8:26  Zergling x10  
  149  8:33  Zergling x4  
  151  8:38  Zergling x4  
  152  8:43  Zergling x26  
  152  8:46  Baneling x6  
  165  8:49  Zergling x4  
  165  8:55  Hydralisk x2  
  168  8:59  Hydralisk x2  
  167  9:03  Hydralisk  
  171  9:11  Hydralisk x9  
  188  9:17  Infestation Pit  
  188  9:18  Zergling x4  
  188  9:22  Overlord  
  188  9:23  Hatchery  
  182  9:24  Muscular Augments  
  182  9:25  Baneling x9  
  183  9:31  Zergling x16  
  183  9:38  Zergling x10  
  170  9:42  Drone x9  
  170  9:45  Hydralisk x3  
  180  9:56  Zergling x12  
  186  10:06  Zergling x8  
  184  10:10  Hive  
  184  10:11  Drone x8  
  184  10:13  Extractor  
  190  10:17  Hydralisk x2  
  190  10:18  Hydralisk x3  
  198  10:24  Overlord x2  
  190  10:30  Zergling x18  
  190  10:34  Overlord  
  184  10:38  Baneling x11  
  184  10:42  Zergling x22  
  188  10:48  Zergling x2, Baneling x11  
  184  10:53  Zergling x8  
  184  10:54  Baneling x4  
  184  10:55  Baneling  
  184  10:57  Zergling x8  
  184  11:03  Zergling x4  
  186  11:09  Zergling x18  
  183  11:16  Zergling x12  
  183  11:17  Zergling x2  
  167  11:22  Zerg Missile Weapons Level 1, Drone  
  167  11:24  Viper  
  159  11:27  Viper  
  159  11:29  Drone  
  159  11:30  Zergling x2  
  159  11:31  Zergling x4  
  166  11:33  Zergling x2  
  166  11:36  Baneling x5  
  166  11:37  Zergling x8  
  169  11:40  Zergling x10  
  169  11:43  Zergling x2  
  173  11:51  Adrenal Glands  
  173  11:52  Baneling  
  173  11:53  Baneling  
  173  11:57  Hatchery  
  173  11:58  Hydralisk x2  
  177  12:01  Zergling x24  
  177  12:04  Drone x3  
  191  12:11  Baneling x3  
  191  12:12  Baneling x3  
  191  12:16  Zergling x18  
  191  12:21  Extractor  
  199  12:30  Zerg Ground Armor Level 3  
  198  12:39  Zergling x6  
  198  12:42  Baneling x11  
  197  13:02  Zergling x2  
  197  13:03  Zergling x2, Extractor  
  197  13:04  Baneling x7  
  198  13:06  Baneling  
  198  13:07  Baneling x8  
  198  13:12  Spore Crawler  
  198  13:18  Zergling x8  
  198  13:27  Baneling  
  198  13:28  Baneling x14  
  198  13:31  Zergling x4  
  196  13:41  Zergling x10  
  200  13:49  Baneling x12  
  187  13:57  Zergling x4  
  187  13:58  Zergling x24  
  187  13:59  Viper  
  187  14:02  Zergling x46  
  192  14:03  Zergling x10  
  192  14:04  Zergling x14  
  192  14:07  Hydralisk  
  195  14:10  Hydralisk x3  
  195  14:12  Queen  
  199  14:24  Spine Crawler  
  199  14:25  Spine Crawler  
  199  14:27  Zergling x4  
  199  14:28  Baneling  
  199  14:29  Baneling x12  
  199  14:36  Baneling x5  
  199  14:41  Hatchery  
  199  14:45  Baneling x8  
  198  14:48  Extractor  
  197  14:53  Zergling x2  
  197  14:54  Zergling x2  
  197  14:59  Zergling x28  
  199  15:04  Zergling x24  
  196  15:10  Zergling x8  
  198  15:14  Zergling x4  
  194  15:23  Drone x5  
  194  15:24  Zergling x16  
  188  15:32  Drone x10  
  189  15:36  Queen  
  189  15:41  Baneling x15  
  189  15:42  Baneling x3  
  188  15:50  Zergling x16  
  188  15:53  Ultralisk Cavern  
  188  15:55  Zergling x18  
  198  15:58  Baneling x14  
  198  16:01  Zergling x8  
  191  16:08  Zergling x24  
Tags
 
Add a new tag
Caveats
  • Supply blocks, unpowered buildings, or Contaminate may cause inaccurate times.
  • Supply counts are checked every 10 seconds.